 Dungeon Crawl Stone Soup version 0.17.1-3-g152610e (webtiles) character file.

112 MenacingMecha the Poker (level 4, 0/35 HPs)
             Began as a Merfolk Berserker on Feb 26, 2016.
             Was a Believer of Trog.
             Succumbed to a worker ant's poison
             ... on level 2 of the Dungeon.
             The game lasted 00:06:32 (2491 turns).

MenacingMecha the Poker (Merfolk Berserker)         Turns: 2491, Time: 00:06:32

Health: 0/35       AC:  3    Str: 17    XL:     4   Next: 95%
Magic:  4/4        EV: 12    Int:  6    God:    Trog [**....]
Gold:   108        SH:  0    Dex: 14    Spells: 0 memorised, 3 levels left

rFire  . . .     SeeInvis .     a - +0 spear
rCold  . . .     Clarity  .     l - +0 leather armour
rNeg   . . .     SustAt   .     (no shield)
rPois  .         Gourm    .     (no helmet)
rElec  .         Spirit   .     (no cloak)
rCorr  .         Warding  .     (no gloves)
rMut   .         Stasis   .     (no boots)
MR     .....                    (no amulet)
Stlth  +.........               (no ring)
                                (no ring)

@: lethally poisoned (0 -> -7), exhausted, slowed, very slow, not resistant to
hostile enchantments, very unstealthy
A: change form in water, swift swim
a: Berserk, Trog's Hand, Burn Spellbooks, Renounce Religion


You were on level 2 of the Dungeon.
You worshipped Trog.
Trog was pleased with you.
You were very hungry.

You visited 1 branch of the dungeon, and saw 3 of its levels.

You collected 108 gold pieces.

Inventory:

Hand Weapons
 a - a +0 spear (weapon)
Missiles
 j - 7 tomahawks (quivered)
 m - a throwing net
Armour
 d - a +0 ring mail
 l - a +0 leather armour (worn)
Scrolls
 e - 3 scrolls of identify {unknown}
 f - a scroll of immolation {unknown}
 g - a scroll of enchant weapon {unknown}
 n - a scroll of magic mapping {unknown}
Potions
 h - 2 potions of might {unknown}
 k - 2 potions of brilliance {unknown}
Comestibles
 b - 2 chunks of flesh
 c - 2 bread rations
 i - a meat ration


   Skills:
 - Level 3.2 Fighting
 + Level 7.9 Polearms
 - Level 1.3 Armour
 - Level 2.6 Dodging


You had 3 spell levels left.
You didn't know any spells.

Dungeon Overview and Level Annotations

Branches:
Dungeon (3/15)

Altars:
Makhleb


Message History

Things that are here:
a robe; a club You see here a rat corpse.
You butcher the rat corpse.
You enjoyed that.
* * * LOW HITPOINT WARNING * * *
You feel sick.
You see here a chunk of flesh.
You feel a strong urge to attack something.
You are no longer berserk.
You are exhausted.
You feel yourself slow down.
You are feeling very hungry.
* * * LOW HITPOINT WARNING * * *
You feel sick.
There is a stone staircase leading down, spattered with blood here.
Things that are here:
a robe; a club Drink which item? (? for menu, Esc to quit)
Okay, then.
You die...

#######
#..........รท....###
#.....# #.#######.#.....#
#.###.# #.# #.####### ###.#
#.#######.#######.#
#...###.............>##.#
.###......#####.####.##.#
## ##.###.# #.#%...##.# #
##.##.#####.#>##....#
#.##.......@....#### #
##.##..#.#..#.#..# ##
##.###.......#.#..# .###..#
##.#.#.##.#..#
....#.####.....##.#..#
.............####.#..#
##......#########.#..# ####
#..#.#.#.........#..#######
#...
#...(....#########........#
#.##


There were no monsters in sight!

Vanquished Creatures
  A worker ant (D:2)
  3 adders (D:2)
  An ooze (D:1)
  A worm (D:2)
  3 giant geckos (D:2)
  An orc (D:3)
  5 goblins
  3 hobgoblins
  10 jackals
  6 kobolds
  5 bats
  2 giant cockroaches
  A giant newt (D:2)
  7 rats
49 creatures vanquished.

Notes
Turn   | Place    | Note
--------------------------------------------------------------
     0 | D:1      | MenacingMecha the Merfolk Berserker began the quest for the Orb.
     0 | D:1      | Reached XP level 1. HP: 18/18 MP: 1/1
   329 | D:1      | Reached skill level 5 in Polearms
   338 | D:1      | Reached XP level 2. HP: 17/24 MP: 2/2
  1042 | D:1      | Reached ** piety under Trog
  1042 | D:1      | Reached skill level 6 in Polearms
  1042 | D:1      | Reached XP level 3. HP: 29/29 MP: 3/3
  1557 | D:2      | Reached skill level 7 in Polearms
  1557 | D:2      | Reached XP level 4. HP: 19/35 MP: 4/4
  2350 | D:3      | Found a burning altar of Makhleb.
  2490 | D:2      | HP: 1/35 [poisoned by a worker ant]
  2491 | D:2      | Succumbed to a worker ant's poison

Action                   |  1- 3 |  4- 6 || total
-------------------------+-------+-------++-------
Melee: Spear             |   158 |    74 ||   232
Throw: Tomahawk          |       |     1 ||     1
Invok: Berserk           |     1 |     1 ||     2
       Trog's Hand       |       |     1 ||     1
  Use: Potion            |     3 |       ||     3
       Scroll            |     2 |       ||     2
 Stab: Sleeping          |     3 |       ||     3
  Eat: Chunk             |     2 |     4 ||     6
